[Event "Monday Night Round Robin Blitz Tour 5m+1s Starts at 2200hrs No Late Joins"]
[Site "Infinity Chess"]
[Date "2018.4.30"]
[Round "5"]
[White "MiKachomiKa QueeN"]
[Black "ocirema"]
[Result "1/2-1/2"]
[ECO "C50"]
[WhiteElo "2450"]
[BlackElo "2452"]
[WhiteEngine "stockfish_18041819_x64_modern_CTG"]
[BlackEngine "asmFishW_9_popcnt"]
[EventType "Round Robin"]
[WhiteTeam ""]
[BlackTeam ""]
[PlyCount "111"]
[TimeControl "300+1"]

1. e4 e5 2. Nf3 Nc6 3. Bc4 Bc5 4. O-O Nf6 5. d3 d6 6. c3 O-O 7. Bg5 h6 8. Bh4 a6 
9. Nbd2 Ba7 10. a4 g5 11. Bg3 Nh7 12. h3 h5 13. Kh1 Kh8 14. b4 h4 15. Bh2 g4 
16. hxg4 Bxg4 17. b5 Na5 18. bxa6 bxa6 19. Bd5 c6 20. Ba2 Rg8 21. d4 exd4 
22. Qc2 Qf6 23. e5 Qg7 24. Nxh4 Qh6 25. Ndf3 d5 26. cxd4 Nf8 27. Qc1 Qxc1 
28. Raxc1 Ne6 29. Bb1 Kg7 30. Nf5+ Bxf5 31. Bxf5 Nxd4 32. Nxd4 Bxd4 33. Kg1 Nc4 
34. Rfe1 Rab8 35. Rc2 Rb4 36. Bf4 c5 37. g4 Rxa4 38. e6 Re8 39. Kg2 Rb4 
40. Rce2 fxe6 41. Rxe6 Rxe6 42. Rxe6 Rb2 43. Bh6+ Kf7 44. Rxa6 Rxf2+ 45. Kg3 Nd2 
46. Ra7+ Ke8 47. Bd7+ Ke7 48. Bg5+ Kd6 49. Bf4+ Ke7 50. Bf5+ Kf8 51. Bd6+ Ke8 
52. Re7+ Kd8 53. Rd7+ Ke8 54. Re7+ Kd8 55. Rd7+ Ke8 56. Re7+ 1/2-1/2

[Event "Monday Night Round Robin Blitz Tour 5m+1s Starts at 2200hrs No Late Joins"]
[Site "Infinity Chess"]
[Date "2018.4.30"]
[Round "5"]
[White "Victorious"]
[Black "CoffeeOne"]
[Result "1/2-1/2"]
[ECO "C50"]
[WhiteElo "2507"]
[BlackElo "2561"]
[WhiteEngine "CFish_260418_x64_N_pop_LTO_730mingw"]
[BlackEngine "cfish-2018-04-30"]
[EventType "Round Robin"]
[WhiteTeam ""]
[BlackTeam ""]
[PlyCount "55"]
[TimeControl "300+1"]

1. e4 e5 2. Nf3 Nc6 3. Bc4 Bc5 4. O-O Nf6 5. d3 d6 6. c3 O-O 7. h3 a5 
8. Nbd2 Ba7 9. Re1 Be6 10. Bb5 Ne7 11. d4 Ng6 12. Ba4 Nh5 13. Nf1 exd4 
14. cxd4 Nhf4 15. Bc2 d5 16. Bxf4 Nxf4 17. e5 f6 18. Qd2 fxe5 19. Rxe5 Bd7 
20. Rae1 c6 21. N1h2 Bb8 22. R5e3 Bc7 23. Ne5 a4 24. Qd1 Ba5 25. Rf1 Bc7 
26. Rfe1 Ba5 27. Rf1 Bc7 28. Rfe1 1/2-1/2

[Event "Monday Night Round Robin Blitz Tour 5m+1s Starts at 2200hrs No Late Joins"]
[Site "Infinity Chess"]
[Date "2018.4.30"]
[Round "5"]
[White "star99"]
[Black "BlitzMaster"]
[Result "1/2-1/2 "]
[ECO "C55"]
[WhiteElo "2514"]
[BlackElo "2563"]
[WhiteEngine "Cryptic Heroes 9.4B"]
[BlackEngine "asmFishW_9_bmi2"]
[EventType "Round Robin"]
[WhiteTeam ""]
[BlackTeam ""]
[PlyCount "179"]
[TimeControl "300+1"]

1. e4 e5 2. Nf3 Nc6 3. Bc4 Nf6 4. d3 Bc5 5. c3 d6 6. O-O a5 7. a4 O-O 8. Bg5 h6 
9. Bh4 g5 10. Bg3 Kg7 11. Na3 Ne7 12. Nc2 Bb6 13. Ne3 Ng6 14. Bb3 Bxe3 
15. fxe3 Nh5 16. Nxe5 dxe5 17. Qxh5 Qxd3 18. Qf3 Qa6 19. Bd5 f6 20. b4 Qb6 
21. Rfb1 c6 22. Bc4 Nh8 23. Ra2 Nf7 24. Rd2 Qc7 25. Qd1 Rd8 26. Rxd8 Qxd8 
27. Bb3 Qxd1+ 28. Rxd1 Bg4 29. Rd2 Rd8 30. Rxd8 Nxd8 31. Bc2 Be6 32. Be1 Kf7 
33. Bd2 Bc4 34. Bc1 b6 35. bxa5 bxa5 36. Ba3 Nb7 37. Bd1 Ke8 38. Kf2 Be6 
39. Be2 Kd7 40. Ke1 Nd6 41. c4 Nxe4 42. Bd3 Nd6 43. c5 Nb7 44. Bc2 Ke7 
45. e4 Kf7 46. Kd2 h5 47. Kc3 Ke8 48. g3 g4 49. Kd2 Bf7 50. Ke3 Bc4 51. Bd1 Ba2 
52. Bc2 Kd7 53. Kd3 Bf7 54. Kd2 Kc7 55. Bd1 Bc4 56. Kc3 Bf7 57. Bc2 Kd7 
58. Kd3 Kc8 59. Ke2 Kc7 60. Kd2 Bg8 61. Kd3 Be6 62. Kc3 Bg8 63. Kd2 Kd8 
64. Ke2 Kd7 65. Kd3 Nd8 66. Ke3 Nb7 67. Kd2 Bf7 68. Ke3 Bc4 69. Bd1 Bf7 
70. Kd2 Ba2 71. Ke3 Be6 72. Bc2 Kc7 73. Bd1 Kd8 74. Kd2 Kc7 75. Ke3 Kd7 
76. Bc2 Bc4 77. Bd1 Kc7 78. Bc2 Kd8 79. Kd2 Kc7 80. Kc3 Bg8 81. Kd2 Be6 
82. Kd3 Kd8 83. Ke3 Kd7 84. Kd3 Bf7 85. Ke3 Ke8 86. Bd1 Kd8 87. Bc2 Kc7 
88. Kd2 Bc4 89. Kc3 Ba2 90. Kd3 1/2-1/2

[Event "Monday Night Round Robin Blitz Tour 5m+1s Starts at 2200hrs No Late Joins"]
[Site "Infinity Chess"]
[Date "2018.4.30"]
[Round "5"]
[White "Gilgamesch"]
[Black "incredible"]
[Result "1/2-1/2"]
[ECO "C50"]
[WhiteElo "2560"]
[BlackElo "2462"]
[WhiteEngine "BrainFish_180408_x64_bmi2"]
[BlackEngine "Stockfish_x64_bmi2"]
[EventType "Round Robin"]
[WhiteTeam ""]
[BlackTeam ""]
[PlyCount "123"]
[TimeControl "300+1"]

1. e4 e5 2. Nf3 Nc6 3. Bc4 Bc5 4. O-O Nf6 5. Re1 O-O 6. d3 a5 7. Nbd2 d6 
8. c3 h6 9. Nf1 a4 10. Ng3 Ra5 11. h3 b5 12. b4 axb3 13. Bxb3 Be6 14. Rb1 Bb6 
15. d4 Bxb3 16. axb3 Re8 17. Be3 Ra2 18. Rc1 exd4 19. cxd4 Ne7 20. d5 Qb8 
21. Nd4 Qb7 22. b4 Ng6 23. Qd3 Ne5 24. Qxb5 Rb8 25. Ra1 Rxa1 26. Rxa1 h5 
27. Qa4 Bxd4 28. Bxd4 Qxb4 29. Qd1 h4 30. Nf5 Nxe4 31. Ne7+ Kf8 32. Bxe5 Kxe7 
33. Bxg7 Qd2 34. Qxd2 Nxd2 35. Re1+ Kd7 36. Bf6 Re8 37. Rd1 Ne4 38. Bxh4 Re5 
39. g4 Nc3 40. Rd3 Nxd5 41. Bg3 Nb4 42. Rd4 Rb5 43. h4 Nd5 44. h5 Ke6 
45. Re4+ Kf6 46. Kh2 Kg5 47. Kh3 Rb1 48. Bh4+ Kh6 49. f3 f6 50. Re8 Kg7 
51. Rd8 Kf7 52. Kg3 Rh1 53. Rb8 Ne3 54. Rb7 Ke6 55. Rxc7 Nf1+ 56. Kf2 Rxh4 
57. Kxf1 f5 58. gxf5+ Kxf5 59. Kf2 Rxh5 60. Re7 d5 61. Ke3 Kf6 62. Rd7 1/2-1/2

[Event "Monday Night Round Robin Blitz Tour 5m+1s Starts at 2200hrs No Late Joins"]
[Site "Infinity Chess"]
[Date "2018.4.30"]
[Round "4"]
[White "BlitzMaster"]
[Black "Gilgamesch"]
[Result "1/2-1/2"]
[ECO "D30"]
[WhiteElo "2563"]
[BlackElo "2560"]
[WhiteEngine "asmFishW_9_bmi2"]
[BlackEngine "BrainFish_180408_x64_bmi2"]
[EventType "Round Robin"]
[WhiteTeam ""]
[BlackTeam ""]
[PlyCount "100"]
[TimeControl "300+1"]

1. d4 d5 2. c4 e6 3. Nf3 Nf6 4. Nc3 c6 5. e3 Nbd7 6. Qc2 Bd6 7. Bd3 O-O 
8. O-O dxc4 9. Bxc4 b5 10. Bd3 Bb7 11. a3 Re8 12. Bd2 a5 13. Ng5 h6 14. Nge4 Bf8 
15. Nxf6+ Nxf6 16. Ne4 Nxe4 17. Bxe4 b4 18. Rfc1 Qb6 19. f4 Rec8 20. axb4 axb4 
21. Rxa8 Rxa8 22. Be1 Be7 23. Bf3 g6 24. h4 h5 25. Bf2 Ra2 26. Qb3 Qa6 
27. g3 Bf8 28. e4 Ra1 29. Qd1 Rxc1 30. Qxc1 Qd3 31. Qd1 Qb5 32. Qe2 b3 
33. Kg2 Ba3 34. Be3 Qxe2+ 35. Bxe2 c5 36. dxc5 Bxb2 37. Bc4 Bxe4+ 38. Kf2 Kf8 
39. Bxb3 Ke7 40. Bc4 e5 41. Ke2 f6 42. fxe5 Bxe5 43. Bf4 Bd4 44. Bd6+ Kd7 
45. Bb5+ Ke6 46. Be8 Kd5 47. Bf7+ Kc6 48. Be8+ Kd5 49. Bf7+ Kc6 50. Be8+ Kd5 
1/2-1/2

[Event "Monday Night Round Robin Blitz Tour 5m+1s Starts at 2200hrs No Late Joins"]
[Site "Infinity Chess"]
[Date "2018.4.30"]
[Round "4"]
[White "CoffeeOne"]
[Black "star99"]
[Result "1/2-1/2 "]
[ECO "C55"]
[WhiteElo "2563"]
[BlackElo "2512"]
[WhiteEngine "cfish-2018-04-30"]
[BlackEngine "Cryptic Heroes 9.4B"]
[EventType "Round Robin"]
[WhiteTeam ""]
[BlackTeam ""]
[PlyCount "191"]
[TimeControl "300+1"]

1. e4 e5 2. Nf3 Nc6 3. Bc4 Nf6 4. d3 Bc5 5. c3 d6 6. O-O a5 7. h3 O-O 8. Re1 h6 
9. Bb3 Re8 10. Nbd2 b5 11. a4 b4 12. Nf1 Bb6 13. Bc4 Ba6 14. Ba2 Bc8 15. Bc4 Ba6 
16. Ba2 Bc8 17. Ne3 Bxe3 18. Bxe3 Be6 19. Bxe6 Rxe6 20. Qc2 Qd7 21. Nd2 Rb8 
22. Nb3 Ree8 23. Bd2 Rb6 24. c4 Nd4 25. Nxd4 exd4 26. b3 Qe7 27. Qb2 c5 
28. Bf4 Nd7 29. Qe2 Rbb8 30. Bh2 Rbd8 31. Qh5 Ne5 32. Qd1 Qd7 33. f4 Nc6 
34. Qh5 Kh7 35. Ra2 Re7 36. Rae2 f6 37. Qf3 g6 38. g4 Rg8 39. Bg3 Rge8 
40. h4 Kg8 41. Rg2 Rf8 42. h5 g5 43. Rf1 Ref7 44. Bh2 Qe6 45. Qh3 gxf4 
46. Rxf4 Rh7 47. Rf5 Kf7 48. Qh4 Ke8 49. Rgf2 Rhf7 50. Bf4 Ne7 51. Kf1 Rh8 
52. Rh2 Nc6 53. Re2 Ne5 54. Qh3 Ke7 55. Rg2 Rg7 56. Rg3 Rgh7 57. Rg2 Rg8 
58. Rg3 Kd7 59. Bc1 Kd8 60. Bf4 Rgg7 61. Bc1 Rh8 62. Bd2 Rf7 63. Bf4 Ke7 
64. Ke1 Rfh7 65. Bxe5 dxe5 66. Rgf3 Rg7 67. Rf1 Rf8 68. Qf3 Qf7 69. Rf2 Rgg8 
70. Qh3 Qg7 71. Qh4 Ke6 72. Kd2 Qh8 73. Ke1 Rg5 74. Rf1 Ke7 75. Rg1 Rfg8 
76. Rgf1 Qg7 77. Rxg5 Qxg5 78. Qxg5 Rxg5 79. Rg1 Kf7 80. Kd2 Ke6 81. Kc1 Kf7 
82. Kc2 Ke6 83. Rg2 Rg7 84. Kc1 Rg8 85. Kd1 Ra8 86. Rg1 Kd6 87. Kd2 Rd8 
88. Ke2 Rg8 89. Kf3 Ke6 90. Ke2 Rg7 91. Kd2 Rg8 92. Kc2 Rh8 93. Kc1 Ke7 
94. Rh1 Kf7 95. Kd2 Ke7 96. Ra1 1/2-1/2

[Event "Monday Night Round Robin Blitz Tour 5m+1s Starts at 2200hrs No Late Joins"]
[Site "Infinity Chess"]
[Date "2018.4.30"]
[Round "4"]
[White "ocirema"]
[Black "Victorious"]
[Result "1/2-1/2"]
[ECO "C50"]
[WhiteElo "2450"]
[BlackElo "2509"]
[WhiteEngine "asmFishW_9_popcnt"]
[BlackEngine "CFish_260418_x64_N_pop_LTO_730mingw"]
[EventType "Round Robin"]
[WhiteTeam ""]
[BlackTeam ""]
[PlyCount "60"]
[TimeControl "300+1"]

1. e4 e5 2. Nf3 Nc6 3. Bc4 Bc5 4. O-O Nf6 5. d3 d6 6. c3 a5 7. h3 O-O 
8. Nbd2 Be6 9. Bb5 h6 10. Re1 Qb8 11. Nf1 Qa7 12. Re2 a4 13. Ng3 Qa5 
14. Bxc6 bxc6 15. Nh4 Rfe8 16. Re1 d5 17. exd5 Nxd5 18. Nhf5 Qb6 19. Qg4 Bxf2+ 
20. Kh1 g6 21. Re2 Nf4 22. Bxf4 Bxf5 23. Nxf5 exf4 24. Rxe8+ Rxe8 25. Nxh6+ Kg7 
26. Rf1 Be3 27. Nf5+ Kg8 28. Nh6+ Kg7 29. Nf5+ Kg8 30. Nh6+ Kg7 1/2-1/2

[Event "Monday Night Round Robin Blitz Tour 5m+1s Starts at 2200hrs No Late Joins"]
[Site "Infinity Chess"]
[Date "2018.4.30"]
[Round "4"]
[White "incredible"]
[Black "MiKachomiKa QueeN"]
[Result "1/2-1/2"]
[ECO "D31"]
[WhiteElo "2463"]
[BlackElo "2449"]
[WhiteEngine "Stockfish_x64_bmi2"]
[BlackEngine "stockfish_18041819_x64_modern_CTG"]
[EventType "Round Robin"]
[WhiteTeam ""]
[BlackTeam ""]
[PlyCount "78"]
[TimeControl "300+1"]

1. d4 d5 2. c4 e6 3. Nc3 c6 4. Nf3 Nf6 5. Bg5 h6 6. Bh4 dxc4 7. e4 g5 8. Bg3 b5 
9. Be2 Bb7 10. h4 g4 11. Ne5 Nbd7 12. Nxd7 Qxd7 13. Be5 Qe7 14. O-O Rg8 
15. b3 Bg7 16. Qc2 c5 17. Rad1 b4 18. Bxf6 Bxf6 19. e5 bxc3 20. exf6 Qxf6 
21. Qxc3 Qxh4 22. Bxc4 O-O-O 23. dxc5 Rxd1 24. Rxd1 g3 25. fxg3 Qxg3 
26. Qxg3 Rxg3 27. Rd2 a5 28. Rf2 Rg5 29. Rxf7 Rxg2+ 30. Kf1 Rxa2 31. Bxe6+ Kb8 
32. Bc4 h5 33. Rf5 h4 34. Rf8+ Ka7 35. Rh8 h3 36. Rh7 Kb8 37. Rh8+ Ka7 
38. Rh7 Kb8 39. Rh8+ Ka7 1/2-1/2

[Event "Monday Night Round Robin Blitz Tour 5m+1s Starts at 2200hrs No Late Joins"]
[Site "Infinity Chess"]
[Date "2018.4.30"]
[Round "3"]
[White "Victorious"]
[Black "MiKachomiKa QueeN"]
[Result "1/2-1/2"]
[ECO "C50"]
[WhiteElo "2512"]
[BlackElo "2446"]
[WhiteEngine "CFish_260418_x64_N_pop_LTO_730mingw"]
[BlackEngine "stockfish_18041819_x64_modern_CTG"]
[EventType "Round Robin"]
[WhiteTeam ""]
[BlackTeam ""]
[PlyCount "73"]
[TimeControl "300+1"]

1. e4 e5 2. Nf3 Nc6 3. Bc4 Bc5 4. O-O Nf6 5. d3 d6 6. c3 O-O 7. h3 a5 
8. Nbd2 Ba7 9. Re1 Be6 10. Bb5 Ne7 11. d4 Ng6 12. Ba4 Nh5 13. Nf1 Nhf4 
14. Ng3 exd4 15. Nxd4 Bxd4 16. cxd4 d5 17. Qf3 Qh4 18. Bc2 c6 19. Bxf4 Qxf4 
20. Qxf4 Nxf4 21. e5 f6 22. Ne2 fxe5 23. Nxf4 Rxf4 24. Rxe5 Bf7 25. Rd1 Re8 
26. Rxe8+ Bxe8 27. g3 Rf6 28. Re1 Kf7 29. h4 Bd7 30. Bxh7 g6 31. Kg2 Bg4 
32. Re3 Bd1 33. Rd3 Bc2 34. Rc3 Bd1 35. Rd3 Bc2 36. Rc3 Bd1 37. Rd3 1/2-1/2

[Event "Monday Night Round Robin Blitz Tour 5m+1s Starts at 2200hrs No Late Joins"]
[Site "Infinity Chess"]
[Date "2018.4.30"]
[Round "3"]
[White "star99"]
[Black "ocirema"]
[Result "1/2-1/2"]
[ECO "D05"]
[WhiteElo "2515"]
[BlackElo "2447"]
[WhiteEngine "Cryptic Heroes 9.4B"]
[BlackEngine "asmFishW_9_popcnt"]
[EventType "Round Robin"]
[WhiteTeam ""]
[BlackTeam ""]
[PlyCount "120"]
[TimeControl "300+1"]

1. d4 d5 2. Nf3 Nf6 3. e3 e6 4. Nbd2 Nbd7 5. c4 b6 6. b3 Bb7 7. Bb2 Be7 
8. Bd3 O-O 9. O-O c5 10. Qe2 cxd4 11. Nxd4 Nc5 12. Bc2 dxc4 13. Nxc4 Qd5 
14. f4 Qh5 15. Qxh5 Nxh5 16. f5 Nf6 17. fxe6 fxe6 18. Rfe1 Be4 19. Rac1 Bxc2 
20. Rxc2 Nd5 21. Nc6 Nd3 22. Rd1 Nxb2 23. Nxe7+ Nxe7 24. Rxb2 Nd5 25. a4 Rac8 
26. h3 h6 27. Rd4 Nf6 28. Kh2 Rfd8 29. Rxd8+ Rxd8 30. Rd2 Rxd2 31. Nxd2 Kf7 
32. Kg3 e5 33. Kf3 Ke6 34. e4 Nd7 35. b4 Nb8 36. b5 Nd7 37. Nc4 Nc5 38. a5 bxa5 
39. Nxa5 Kd6 40. Nc4+ Ke6 41. b6 axb6 42. Nxb6 g5 43. Nc4 Kf6 44. Ne3 h5 
45. Nd5+ Ke6 46. g3 Kf7 47. Ne3 Ne6 48. Nc4 Nd4+ 49. Ke3 Ke6 50. Kd3 Kf6 
51. Ke3 Ne6 52. Kf3 Nc5 53. Ke3 h4 54. gxh4 gxh4 55. Nd2 Ne6 56. Nf3 Nf4 
57. Nxh4 Nxh3 58. Nf3 Ke6 59. Ne1 Nf4 60. Nc2 Ng2+ 1/2-1/2

[Event "Monday Night Round Robin Blitz Tour 5m+1s Starts at 2200hrs No Late Joins"]
[Site "Infinity Chess"]
[Date "2018.4.30"]
[Round "3"]
[White "Gilgamesch"]
[Black "CoffeeOne"]
[Result "1/2-1/2"]
[ECO "C50"]
[WhiteElo "2560"]
[BlackElo "2563"]
[WhiteEngine "BrainFish_180408_x64_bmi2"]
[BlackEngine "cfish-2018-04-30"]
[EventType "Round Robin"]
[WhiteTeam ""]
[BlackTeam ""]
[PlyCount "86"]
[TimeControl "300+1"]

1. e4 e5 2. Nf3 Nc6 3. Bc4 Bc5 4. O-O Nf6 5. Re1 O-O 6. d3 d6 7. c3 a5 
8. Nbd2 Be6 9. Bb5 Ne7 10. d4 Ba7 11. Nf1 Ng6 12. Ng3 c6 13. Bf1 Bg4 14. Be3 Re8 
15. h3 Bxf3 16. Qxf3 d5 17. Bg5 exd4 18. Bxf6 Qxf6 19. Qxf6 gxf6 20. exd5 Re5 
21. dxc6 bxc6 22. Rad1 dxc3 23. bxc3 Rb8 24. Rxe5 Nxe5 25. Re1 Kf8 26. Nh5 Nd7 
27. Re2 Rb1 28. Rd2 Ke7 29. g3 a4 30. Re2+ Kd6 31. Kg2 a3 32. Ng7 Rb2 
33. Ne8+ Kc5 34. Re7 Rd2 35. Rxf7 Bb6 36. Rxh7 Ne5 37. Nxf6 Rxa2 38. Rh8 Kd6 
39. Ne4+ Kd5 40. Nf6+ Ke6 41. Ne4 Kd5 42. Nf6+ Ke6 43. Ne4 Kd5 1/2-1/2

[Event "Monday Night Round Robin Blitz Tour 5m+1s Starts at 2200hrs No Late Joins"]
[Site "Infinity Chess"]
[Date "2018.4.30"]
[Round "3"]
[White "BlitzMaster"]
[Black "incredible"]
[Result "1/2-1/2"]
[ECO "A46"]
[WhiteElo "2567"]
[BlackElo "2459"]
[WhiteEngine "asmFishW_9_bmi2"]
[BlackEngine "Stockfish_x64_bmi2"]
[EventType "Round Robin"]
[WhiteTeam ""]
[BlackTeam ""]
[PlyCount "140"]
[TimeControl "300+1"]

1. d4 Nf6 2. Nf3 d5 3. c4 e6 4. Nc3 c6 5. e3 Nbd7 6. Qc2 Bd6 7. Bd3 O-O 
8. O-O dxc4 9. Bxc4 b5 10. Bd3 Bb7 11. e4 e5 12. h3 a6 13. dxe5 Nxe5 
14. Nxe5 Bxe5 15. Be3 Re8 16. a4 Qe7 17. Ne2 Bd6 18. Rfd1 Rad8 19. Nd4 Qc7 
20. Nb3 h6 21. Nc5 Bc8 22. axb5 axb5 23. Na6 Qb7 24. Bd4 Bf8 25. Bc5 Nd7 
26. Bxf8 Nxf8 27. Nb4 Bd7 28. Bf1 Ne6 29. Nd3 Qb6 30. b4 Bc8 31. Qe2 Nd4 
32. Qb2 Rxe4 33. Nc5 Rf4 34. Qc3 Nf5 35. g4 Rfd4 36. Rxd4 Nxd4 37. Rd1 Ne6 
38. Nxe6 Bxe6 39. Rxd8+ Qxd8 40. Qxc6 Bd7 41. Qd6 Qc8 42. Kh2 Bc6 43. Be2 Qe8 
44. Bd3 g6 45. Kg3 Bh1 46. Kh2 Bf3 47. Kg3 Bc6 48. h4 Kg7 49. h5 g5 50. f3 Qe3 
51. Qxc6 Qxd3 52. Qc5 Qe2 53. Qc3+ Kh7 54. f4 gxf4+ 55. Kxf4 Qh2+ 56. Ke3 Qg3+ 
57. Kd2 Qxg4 58. Qd3+ Kg7 59. Qxb5 Qf4+ 60. Kd1 Qf3+ 61. Kc2 Qf2+ 62. Kb1 Qe3 
63. Qc4 Kf6 64. b5 Qe5 65. Kc2 Ke7 66. b6 Qf5+ 67. Kc1 Qg5+ 68. Kc2 Qf5+ 
69. Kc1 Qg5+ 70. Kc2 Qf5+ 1/2-1/2

[Event "Monday Night Round Robin Blitz Tour 5m+1s Starts at 2200hrs No Late Joins"]
[Site "Infinity Chess"]
[Date "2018.4.30"]
[Round "2"]
[White "CoffeeOne"]
[Black "BlitzMaster"]
[Result "1/2-1/2"]
[ECO "C55"]
[WhiteElo "2563"]
[BlackElo "2567"]
[WhiteEngine "cfish-2018-04-30"]
[BlackEngine "asmFishW_9_bmi2"]
[EventType "Round Robin"]
[WhiteTeam ""]
[BlackTeam ""]
[PlyCount "136"]
[TimeControl "300+1"]

1. e4 e5 2. Nf3 Nc6 3. Bc4 Nf6 4. d3 Bc5 5. c3 O-O 6. O-O d6 7. h3 a5 8. Re1 h6 
9. Bb3 Ba7 10. Nbd2 b5 11. a4 b4 12. Bc4 Be6 13. Bb5 Ne7 14. d4 exd4 15. cxd4 c6 
16. Bd3 Ng6 17. Nf1 d5 18. e5 Ne4 19. Ng3 Nxg3 20. fxg3 c5 21. dxc5 Bxc5+ 
22. Kh2 Qb6 23. Bf4 f5 24. Qd2 Nxf4 25. gxf4 g6 26. Re2 Kg7 27. Rf1 Rf7 
28. h4 Kh8 29. Bb5 Rc8 30. Rc1 Qd8 31. Qe1 Qb6 32. h5 g5 33. fxg5 hxg5 
34. Rxc5 Qxc5 35. Nxg5 Re7 36. Qh4 Rf8 37. Bd3 b3 38. Qf4 Qc8 39. Rf2 Qb8 
40. Nh3 Bd7 41. Re2 Rh7 42. e6 Bxa4 43. e7 Rg8 44. Kg1 Qxf4 45. Nxf4 Bd7 
46. Bxf5 Bxf5 47. e8=Q Rxe8 48. Rxe8+ Kg7 49. Ra8 Bg4 50. Rxa5 Bxh5 51. Rxd5 Bf7 
52. Rd6 Kg8 53. g3 Rg7 54. Rd8+ Kh7 55. Kg2 Rg5 56. Rd7 Kg8 57. Ne2 Rf5 
58. Rd4 Kg7 59. Nc3 Kg6 60. Rg4+ Kf6 61. Rd4 Kg7 62. Ne4 Bd5 63. Kg1 Bxe4 
64. Rxe4 Rd5 65. Re7+ Kf6 66. Rb7 Rd1+ 67. Kf2 Rd2+ 68. Ke1 Rxb2 1/2-1/2

[Event "Monday Night Round Robin Blitz Tour 5m+1s Starts at 2200hrs No Late Joins"]
[Site "Infinity Chess"]
[Date "2018.4.30"]
[Round "2"]
[White "ocirema"]
[Black "Gilgamesch"]
[Result "1/2-1/2"]
[ECO "C53"]
[WhiteElo "2442"]
[BlackElo "2565"]
[WhiteEngine "asmFishW_9_popcnt"]
[BlackEngine "BrainFish_180408_x64_bmi2"]
[EventType "Round Robin"]
[WhiteTeam ""]
[BlackTeam ""]
[PlyCount "127"]
[TimeControl "300+1"]

1. e4 e5 2. Nf3 Nc6 3. Bc4 Bc5 4. c3 Nf6 5. d3 d6 6. Nbd2 a5 7. O-O h6 
8. Re1 O-O 9. h3 Be6 10. a4 Bxc4 11. Nxc4 Re8 12. Be3 Bxe3 13. Nxe3 Qd7 
14. Nc4 Qe6 15. Ne3 Qd7 16. Nh4 Ne7 17. Qf3 b6 18. d4 exd4 19. cxd4 Qe6 
20. Ng4 Nxg4 21. hxg4 d5 22. e5 c5 23. Nf5 Nc6 24. Rad1 Nxd4 25. Nxd4 cxd4 
26. Rxd4 Rad8 27. Re3 Re7 28. b3 Rc7 29. Qg3 Rdc8 30. g5 Rc1+ 31. Kh2 Rf1 
32. gxh6 Qxh6+ 33. Qh3 Qxh3+ 34. Rxh3 Rc5 35. Rhd3 Rxf2 36. Rxd5 Rxd5 
37. Rxd5 Rc2 38. Rb5 Rc6 39. Kg3 Kf8 40. Kf3 Rg6 41. g4 Rh6 42. Ke4 Ke8 
43. b4 axb4 44. Rxb4 Kd7 45. Rb5 Rc6 46. Kd5 Rh6 47. a5 bxa5 48. Rb7+ Ke8 
49. Rb8+ Kd7 50. Ra8 Rb6 51. Ra7+ Ke8 52. Ra8+ Kd7 53. g5 Rb5+ 54. Ke4 a4 
55. Rxa4 Ke7 56. g6 fxg6 57. Ra7+ Ke6 58. Ra6+ Ke7 59. Ra7+ Ke6 60. Ra6+ Ke7 
61. Rxg6 Kf8 62. Rg2 Rb4+ 63. Kf5 Kf7 64. e6+ 1/2-1/2

[Event "Monday Night Round Robin Blitz Tour 5m+1s Starts at 2200hrs No Late Joins"]
[Site "Infinity Chess"]
[Date "2018.4.30"]
[Round "2"]
[White "MiKachomiKa QueeN"]
[Black "star99"]
[Result "1/2-1/2"]
[ECO "B32"]
[WhiteElo "2443"]
[BlackElo "2518"]
[WhiteEngine "stockfish_18041408_x64_modern_CTG"]
[BlackEngine "Cryptic Heroes 9.4B"]
[EventType "Round Robin"]
[WhiteTeam ""]
[BlackTeam ""]
[PlyCount "127"]
[TimeControl "300+1"]

1. e4 c5 2. Nf3 Nc6 3. d4 cxd4 4. Nxd4 e5 5. Nb5 Nf6 6. N1c3 d6 7. Nd5 Nxd5 
8. exd5 Nb8 9. a4 Be7 10. Be2 O-O 11. O-O Nd7 12. Bd2 Nf6 13. Be3 a6 14. Na3 Rb8 
15. b4 b6 16. Nc4 Qc7 17. a5 bxa5 18. bxa5 Bb7 19. Nb6 Ne4 20. Bd3 Nc3 
21. Qg4 Rfe8 22. Qc4 Qxc4 23. Bxc4 Bd8 24. Ra3 Bxb6 25. axb6 Nxd5 26. Bxd5 Bxd5 
27. Rd1 Bb7 28. Rxd6 Red8 29. Rxd8+ Rxd8 30. Kf1 f6 31. Ke2 Kf7 32. g3 g5 
33. f4 g4 34. fxe5 fxe5 35. Ra5 Ke6 36. Bc5 Bd5 37. Kd2 Bb7+ 38. Ke2 Bd5 
39. Kd2 Bb7+ 40. Kc1 h5 41. Be3 Rd5 42. Ra4 Kd7 43. Bf2 Rd6 44. Ra3 Rf6 
45. Rd3+ Rd6 46. Rc3 Rc6 47. Rb3 Ke6 48. Be3 Rc4 49. Kb2 Be4 50. b7 Rxc2+ 
51. Ka3 Bxb7 52. Rxb7 Rxh2 53. Bg5 Kd5 54. Kb3 Rf2 55. Rd7+ Ke4 56. Kc4 Rc2+ 
57. Kb4 Kf3 58. Bh4 e4 59. Rf7+ Ke2 60. Re7 Kf3 61. Rf7+ Ke2 62. Re7 Kd3 
63. Rd7+ Ke2 64. Re7 1/2-1/2

[Event "Monday Night Round Robin Blitz Tour 5m+1s Starts at 2200hrs No Late Joins"]
[Site "Infinity Chess"]
[Date "2018.4.30"]
[Round "2"]
[White "incredible"]
[Black "Victorious"]
[Result "1/2-1/2"]
[ECO "D43"]
[WhiteElo "2457"]
[BlackElo "2514"]
[WhiteEngine "Stockfish_x64_bmi2"]
[BlackEngine "CFish_260418_x64_N_pop_LTO_730mingw"]
[EventType "Round Robin"]
[WhiteTeam ""]
[BlackTeam ""]
[PlyCount "100"]
[TimeControl "300+1"]

1. d4 d5 2. c4 e6 3. Nc3 Nf6 4. Nf3 c6 5. Bg5 Nbd7 6. e3 h6 7. Bh4 g5 8. Bg3 Nh5 
9. Qc2 Nxg3 10. hxg3 Bg7 11. O-O-O Qe7 12. Kb1 O-O 13. Bd3 dxc4 14. Bxc4 Rd8 
15. Nh2 b5 16. Bd3 Kf8 17. Ng4 b4 18. Ne4 f5 19. f4 fxe4 20. Bc4 Nb6 
21. Rdf1 Ke8 22. Nxh6 Nxc4 23. Qxc4 Kd7 24. fxg5 Bxh6 25. Rxh6 Kc7 26. g6 Kb6 
27. Rf7 Qd6 28. g7 Ba6 29. Qc1 Rg8 30. Ka1 Rae8 31. a4 bxa3 32. bxa3 Qd5 
33. Rhf6 Qc4 34. Qe1 c5 35. Rf8 Kc6 36. Rxe8 Rxe8 37. Rf8 Qb3 38. Qa5 Qd1+ 
39. Kb2 Qe2+ 40. Ka1 Qd1+ 41. Kb2 Qe2+ 42. Ka1 Bb5 43. d5+ Kxd5 44. Rxe8 Bxe8 
45. Qd8+ Kc4 46. g8=Q Qe1+ 47. Ka2 Qe2+ 48. Ka1 Qe1+ 49. Ka2 Qf2+ 50. Ka1 Qe1+ 
1/2-1/2

[Event "Monday Night Round Robin Blitz Tour 5m+1s Starts at 2200hrs No Late Joins"]
[Site "Infinity Chess"]
[Date "2018.4.30"]
[Round "1"]
[White "star99"]
[Black "Victorious"]
[Result "1/2-1/2"]
[ECO "C26"]
[WhiteElo "2518"]
[BlackElo "2514"]
[WhiteEngine "Cryptic Heroes 9.4B"]
[BlackEngine "CFish_260418_x64_N_pop_LTO_730mingw"]
[EventType "Round Robin"]
[WhiteTeam ""]
[BlackTeam ""]
[PlyCount "114"]
[TimeControl "300+1"]

1. e4 e5 2. Nc3 Nf6 3. g3 Nc6 4. Bg2 Bc5 5. Nge2 O-O 6. O-O a5 7. Nd5 d6 
8. c3 Nxd5 9. exd5 Ne7 10. d4 exd4 11. Nxd4 Nf5 12. Nb3 Bb6 13. Nd2 Re8 
14. a4 Bd7 15. Ne4 Ne7 16. c4 Ng6 17. Qc2 Ne5 18. Ng5 g6 19. Ne4 Bf5 20. Bd2 Nd7 
21. Rae1 Bd4 22. Bf4 Be5 23. Bc1 Nc5 24. b3 Bg7 25. Re2 c6 26. Rfe1 cxd5 
27. cxd5 Rf8 28. Qc4 Nxe4 29. Bxe4 Rc8 30. Qd3 Bd7 31. Rc2 Rb8 32. Bf4 Re8 
33. Rec1 Be5 34. Bxe5 Rxe5 35. Rc7 b5 36. axb5 Bxb5 37. Qe3 Be8 38. Qd3 Re7 
39. R7c3 Bb5 40. Qf3 Re5 41. Bd3 Bxd3 42. Rxd3 h5 43. h4 Rb5 44. Qd1 Kh7 
45. Rc6 Qe8 46. Kg2 Qd7 47. Kg1 Qe8 48. Kg2 Rf5 49. Rc7 Qe4+ 50. Kg1 Rb4 
51. Ra7 Qe5 52. f4 Qb2 53. Rxa5 Re4 54. Qa1 Qe2 55. Qd1 Qb2 56. Qa1 Qc2 
57. Qd1 Qb2 1/2-1/2